 Dungeon Crawl Stone Soup version 0.27.1 (webtiles) character file.

Game seed: 6445496368758143532

1640 GameOver the Sneak (level 8, -4/62 HPs)
             Began as a Naga Hedge Wizard on Sept 3, 2021.
             Was an Initiate of Kikubaaqudgha.
             Hit by a large rock thrown by a cyclops (25 damage)
             ... on level 7 of the Dungeon.
             The game lasted 00:38:29 (5269 turns).

GameOver the Sneak (Naga Hedge Wizard)              Turns: 5269, Time: 00:38:29

Health: -4/62      AC:  3    Str: 13    XL:     8   Next: 99%
Magic:  4/12       EV:  9    Int: 17    God:    Kikubaaqudgha [......]
Gold:   163        SH:  0    Dex: 10    Spells: 4/13 levels left

rFire    . . .     SeeInvis +   w - +1 dagger (venom)
rCold    . . .     Faith    .   (no shield)
rNeg     . . .     Spirit   .   b - +0 robe
rPois    +         Reflect  .   c - +0 hat
rElec    .         Harm     .   (no cloak)
rCorr    .         Rampage  .   (no gloves)
Will     +....                  (no barding)
Stlth    +++.......             n - amulet of regeneration
HPRegen  1.20/turn              (no ring)
MPRegen  0.13/turn              (no ring)

@: very slow
A: AC +2, large, see invisible, deformed body, poison resistance, slowness 2,
spit poison 1, naga tail 1
a: Spit Poison, Renounce Religion


You were on level 7 of the Dungeon.
You worshipped Kikubaaqudgha.
Kikubaaqudgha was noncommittal.
You visited 2 branches of the dungeon, and saw 8 of its levels.

You collected 163 gold pieces.

Inventory:

Hand Weapons
 a - a +0 long sword
 s - a +2 vampiric trident
 w - a +1 dagger of venom (weapon)
 W - a +3 dagger
Armour
 b - a +0 robe (worn)
 c - a +0 hat (worn)
 k - a +0 buckler
 p - a +0 leather armour
Jewellery
 n - an amulet of regeneration (around neck)
Wands
 u - a wand of flame (9)
Scrolls
 f - a scroll of holy word {unknown}
 h - a scroll of enchant weapon {unknown}
 l - a scroll of fog {unknown}
 m - 2 scrolls of noise {unknown}
 q - a scroll of immolation {unknown}
 r - a scroll of enchant armour {unknown}
 v - a scroll of amnesia {unknown}
Potions
 d - 3 potions of flight {unknown}
 e - 4 potions of curing
 j - a potion of heal wounds
 o - a potion of mutation
 t - a potion of invisibility
 x - a potion of brilliance {unknown}


   Skills:
 - Level 1.5 Dodging
 + Level 7.7 Stealth
 - Level 3.0 Spellcasting
 - Level 6.0 Conjurations
 - Level 1.0 Summonings
 - Level 1.0 Translocations
 + Level 5.4 Earth Magic
 + Level 7.4 Poison Magic


You had 4 spell levels left.
You knew the following spells:

 Your Spells              Type           Power      Damage    Failure   Level
a - Magic Dart            Conj           88%        1d7       1%          1
b - Blink                 Tloc           N/A        N/A       17%         2
d - Mephitic Cloud        Conj/Pois/Air  17%        N/A       9%          3
s - Stone Arrow           Conj/Erth      42%        3d9       4%          3

Your spell library contained the following spells:

 Spells                   Type           Power      Damage    Failure   Level
 Conjure Flame            Conj/Fire      12%        6-21      16%         3
 Call Imp                 Summ           5%         N/A       17%         2
 Slow                     Hex            2%         N/A       26%         2
 Animate Armour           Summ/Erth      26%        N/A       43%         4
 Bolt of Magma            Conj/Fire/Erth 7%         4d6       71%         5
 Lehudib's Crystal Spear  Conj/Erth      10%        10d4      100%        8
 Shatter                  Erth           10%        3d12*     100%        9


Dungeon Overview and Level Annotations

Branches:
Dungeon (7/15)             Temple (1/1) D:6

Altars:
Ashenzari
Cheibriados
Fedhas
Gozag
Hepliaklqana
Kikubaaqudgha
Makhleb
Nemelex Xobeh
Okawaru
Qazlal
Sif Muna
Trog
Wu Jian
Yredelemnul
Zin

Shops:
D:5 [

Annotations:
D:4 3 runed translucent doors, Skiberibeda's ghost, novice OgEE
D:7 Harold; Joseph


Innate Abilities, Weirdness & Mutations

Your serpentine skin is tough. (AC +2)
You have supernaturally acute eyesight. (SInv)
Armour fits poorly on your strangely shaped body.
Your system is resistant to poisons. (rPois)
You cover ground very slowly.
You can spit poison.
You have a snake-like lower body.


Message History

Your surroundings suddenly seem different.
A kobold comes into view. It is wielding a +0 club.
Found 13 gold pieces.
A sky beast comes into view.
You have got your breath back.
The sky beast flickers out of sight for a moment.
Found a scroll of identify.
Press: ? - help, Shift-Dir - straight line, f - sky beast
Aim: a sky beast (slightly transparent)
The splash of poison misses the sky beast.
Casting: Blink (safe; 17% risk of failure)
Confirm with . or Enter, or press ? or * to list all spells.
You don't have enough magic to cast this spell.
Unknown command.
Okay, then.
The sky beast hits you. The sky beast shocks you.
You hit the sky beast but do no damage.
The sky beast is poisoned.
The sky beast hits you. The sky beast shocks you.
You closely miss the sky beast. The sky beast closely misses you.
You closely miss the sky beast.
The sky beast is lightly wounded.
The sky beast hits you. The sky beast shocks you.
You hit the sky beast.
The sky beast looks as sick as possible!
The sky beast is lightly wounded.
You have got your breath back.
The sky beast hits you. The sky beast shocks you.
* * * LOW HITPOINT WARNING * * *
Press: ? - help, Shift-Dir - straight line, f/p - sky beast
Aim: a sky beast (moderately wounded, slightly transparent, extremely poisoned)
The splash of poison misses the sky beast.
The splash of poison hits the kobold.
You kill the kobold!
Kikubaaqudgha accepts your kill.
The sky beast hits you but does no damage.
You have got your breath back.
The cyclops shouts!
The cyclops throws a large rock.
The large rock hits you!!
You die...
Kikubaaqudgha rasps: "You have failed me!
Welcome... death!"

...............>. .#...
#............#KK#
.....####.#....K...K...#
...............#.###...#
......###..##..#.# #....
.....C...).....#.####...
.......##.#..#..........
#?...##.#......####.@.
#@Y......#.####...
#..........#.......#
.... #..
#..................#
#...##..
.......###.....?>...#
##...#... ###.....#
###........# $.......#
####### ..Y.#.......
.[.(....# .## ###..###
......CZ####### ####
...............


You could see a cyclops and a sky beast (invisible, very poisoned).

Vanquished Creatures
  A water moccasin (D:3)
  2 ice beasts (D:5)
  A sky beast (D:6)
  A necrophage (D:5)
  2 ogres
  2 phantoms (D:5)
  3 bullfrogs
  A gnoll sergeant (D:4)
  Blork the orc (D:5)
  3 orc priests (D:5)
  A jelly (D:5)
  Jessica (D:2)
  2 iguanas
  2 orc wizards (D:5)
  A scorpion zombie (D:5)
  Natasha (thrice) (D:4)
  4 gnolls (D:4)
  7 adders
  A worm (D:2)
  4 dart slugs
  14 orcs
  5 bats
  5 endoplasms
  2 giant cockroaches
  8 goblins
  11 hobgoblins
  5 jackals (D:3)
  2 quokkas (D:4)
  7 ball pythons
  2 frilled lizards
  12 kobolds
  5 rats
121 creatures vanquished.

Vanquished Creatures (others)
  10 plants
10 creatures vanquished.

Grand Total: 131 creatures vanquished

Notes
Turn   | Place    | Note
-------+----------+-------------------------------------------
     0 | D:1      | GameOver the Naga Hedge Wizard began the quest for the Orb.
     0 | D:1      | Reached XP level 1. HP: 15/15 MP: 4/4
   169 | D:1      | Reached XP level 2. HP: 22/22 MP: 6/6
   571 | D:1      | Reached XP level 3. HP: 28/28 MP: 4/7
   574 | D:1      | Learned a level 2 spell: Blink
   578 | D:1      | Learned a level 3 spell: Mephitic Cloud
   664 | D:1      | Found a faded altar of an unknown god.
  1123 | D:2      | Noticed Jessica
  1224 | D:2      | Killed Jessica
  1225 | D:2      | Reached XP level 4. HP: 16/36 MP: 5/8
  1631 | D:3      | Learned a level 3 spell: Stone Arrow
  1638 | D:3      | Noticed a water moccasin
  1663 | D:4      | Found a broken altar of Ashenzari.
  1678 | D:4      | Noticed Skiberibeda's ghost (novice OgEE)
  1681 | D:4      | Found a runed translucent gate.
  1681 | D:4      | Found a runed translucent gate.
  1685 | D:4      | Noticed Natasha
  1696 | D:4      | Killed Natasha
  1697 | D:4      | Reached XP level 5. HP: 30/42 MP: 0/9
  1753 | D:4      | Reached skill level 1 in Poison Magic
  1894 | D:4      | Noticed Natasha
  1897 | D:4      | Found a runed translucent gate.
  1911 | D:4      | Killed Natasha
  1912 | D:4      | Reached skill level 1 in Earth Magic
  1971 | D:4      | Noticed an orc warrior
  2111 | D:4      | Reached skill level 5 in Conjurations
  2111 | D:4      | Reached XP level 6. HP: 49/49 MP: 6/10
  2201 | D:4      | Noticed Natasha
  2207 | D:4      | Killed Natasha
  2634 | D:3      | Killed a water moccasin
  2988 | D:4      | Reached XP level 7. HP: 51/55 MP: 8/11
  3083 | D:5      | Entered Level 5 of the Dungeon
  3174 | D:5      | Found Beaj's Armour Shoppe.
  3272 | D:5      | Noticed Blork the orc
  3440 | D:5      | Reached skill level 5 in Poison Magic
  3648 | D:5      | Reached skill level 5 in Stealth
  3648 | D:5      | Reached XP level 8. HP: 62/62 MP: 0/12
  3757 | D:5      | Killed Blork the orc
  4119 | D:6      | Found a basalt altar of Yredelemnul.
  4427 | D:6      | Reached skill level 5 in Earth Magic
  4480 | D:6      | Found a staircase to the Ecumenical Temple.
  4489 | Temple   | Entered the Ecumenical Temple
  4674 | Temple   | Became a worshipper of Kikubaaqudgha
  5159 | D:7      | Noticed a cyclops
  5242 | D:7      | Noticed Harold
  5246 | D:7      | Noticed Joseph
  5269 | D:7      | Hit by a large rock thrown by a cyclops

Illustrated notes

Levels and vault maps discovered:
D:1:      amcnicky_arrival_choice, layout_basic, chequers_ecumenical_altar_lobes
D:2:      layout_loops_ring, uniq_jessica
D:3:      layout_basic, serial_forest, infiniplex_forest_clump_medium,
          infiniplex_forest_lined_room_2, infiniplex_forest_clump_medium,
          infiniplex_forest_zigzag_2, infiniplex_forest_join,
          infiniplex_forest_straight_2, infiniplex_forest_lined_3
D:4:      layout_cave_pools, nicolae_ashenzari_skybound, gammafunk_ghost_split,
          uniq_natasha
D:5:      layout_basic, serial_shops, nicolae_lakefront_shop, uniq_blork_the_orc
D:6:      layout_loops_ring, mainiacjoe_overflow_catwalk,
          minmay_temple_entry_water_ring
D:7:      layout_rooms, eino_small_chamber_without_monster, uniq_harold,
          uniq_joseph
Temple:   nicolae_temple_figure_eight

Skill      XL: |  1  2  3  4  5  6  7  8 |
---------------+-------------------------+-----
Conjurations   | 2 3 4 5 6 |  6.0
Poison Magic   | 2 3 5 7 |  7.4
Earth Magic    | 1 2 3 5 |  5.4
Stealth        | 5 7 |  7.7
Dodging        | |  1.5
Spellcasting   | |  3.0
Summonings     | |  1.0
Translocations | |  1.0

Action                   |  1- 3 |  4- 6 |  7- 9 || total
-------------------------+-------+-------+-------++-------
Melee: Dagger            |     3 |    11 |    78 ||    92
       Short sword       |     1 |       |       ||     1
       Trident           |       |     3 |     2 ||     5
 Cast: Magic Dart        |    39 |    79 |    14 ||   132
       Mephitic Cloud    |       |     1 |     6 ||     7
       Stone Arrow       |       |     2 |    31 ||    33
       Blink             |       |       |     2 ||     2
 Abil: Spit Poison       |    27 |    45 |    38 ||   110
  Use: Potion            |       |     1 |       ||     1
       Scroll            |       |       |     6 ||     6
 Stab: Sleeping          |     1 |       |     3 ||     4
       Confused          |       |       |     1 ||     1
Armor: Robe              |       |     9 |    15 ||    24
Dodge: Dodged            |    10 |    19 |    36 ||    65
